3L
KINGSTON TOWNSHIP KNIGHTS @ BUCKHEAD BOWTIES
09/23/2038
 
TOP OF THE 1ST
Kingston Township Knights batting - Pitching for Buckhead Bowties : LHP Paul Haines
Pitching: LHP Paul Haines
Batting: RHB Khal Drogo 0-0: Called Strike
0-1: Reached via error on a dropped throw from 2B, E3 (Groundball, 4, EV 105.6 MPH)
Batting: RHB Daniel Maldonado 0-0: Ball
1-0: Called Strike
1-1: Ball
2-1: Foul Ball, location: 2F
2-2: Foul Ball, location: 2F
2-2: Strikes out looking
Batting: RHB Ron Bernard 0-0: Ball
1-0: Foul Ball, location: 2F
1-1: Swinging Strike
1-2: Fly out, F7 (Flyball, 7S, EV 81.9 MPH)
Batting: RHB Holden Ford 0-0: Ball
1-0: Called Strike
1-1: 2-RUN HOME RUN (Line Drive, 89XD, EV 98.8 MPH), Distance : 394 ft
Batting: LHB Ed Mellor 0-0: Ball
1-0: Ball
2-0: Ball
3-0: Called Strike
3-1: Called Strike
3-2: Strikes out swinging
Top of the 1st over - 2 runs, 1 hit, 1 error, 0 left on base; Kingston Township 2 - Buckhead 0
BOTTOM OF THE 1ST
Buckhead Bowties batting - Pitching for Kingston Township Knights : LHP Chase Sims
Pitching: LHP Chase Sims
Batting: RHB Matsudaira Sugahara 0-0: Foul Ball, location: 2F
0-1: Ball
1-1: Called Strike
1-2: Ball
2-2: Ball
3-2: Foul Ball, location: 2F
3-2: Foul Ball, location: 2F
3-2: Base on Balls
Batting: LHB Shunso Kiyomizu 0-0: SINGLE (Line Drive, 9S, EV 96.2 MPH)
Matsudaira Sugahara to second
Batting: LHB Marcus Shill 0-0: Ball
1-0: 3-RUN HOME RUN (Flyball, 9LD, EV 96.9 MPH), Distance : 353 ft
Batting: RHB Emílio Agramónte 0-0: Ball
1-0: Foul Ball, location: 2F
1-1: Foul Ball, location: 2F
1-2: Ball
2-2: Fly out, F9 (Flyball, 9, EV 87.5 MPH)
Batting: LHB Jesús Encarnación 0-0: Fly out, F7 (Flyball, 7S, EV 91.2 MPH)
Batting: RHB César Guerra 0-0: Called Strike
0-1: Ball
1-1: Ball
2-1: Ground out 1-3 (Groundball, 34S, EV 86.9 MPH)
Bottom of the 1st over - 3 runs, 2 hits, 0 errors, 0 left on base; Kingston Township 2 - Buckhead 3
TOP OF THE 2ND
Kingston Township Knights batting - Pitching for Buckhead Bowties : LHP Paul Haines
Batting: RHB Takenao Wakabayashi 0-0: Ball
1-0: Foul Ball, location: 2F
1-1: Swinging Strike
1-2: Fly out, F7 (Flyball, 7, EV 91.2 MPH)
Batting: RHB Alfredo Cardenas 0-0: Foul Ball, location: 2F
0-1: Swinging Strike
0-2: Ball
1-2: Strikes out swinging
Batting: RHB Hou Kong 0-0: Called Strike
0-1: Ball
1-1: Foul Ball, location: 2F
1-2: Fly out, F8 (Flyball, 8LD, EV 75.0 MPH)
Top of the 2nd over - 0 runs, 0 hits, 0 errors, 0 left on base; Kingston Township 2 - Buckhead 3
BOTTOM OF THE 2ND
Buckhead Bowties batting - Pitching for Kingston Township Knights : LHP Chase Sims
Batting: RHB Nick Bechtel 0-0: Swinging Strike
0-1: Ball
1-1: Swinging Strike
1-2: Strikes out swinging
Batting: LHB Badry Maksimenov 0-0: Ball
1-0: SINGLE (Line Drive, 89M, EV 86.9 MPH)
Batting: RHB Luigino Colombo 0-0: Hit by Pitch
Badry Maksimenov to second
Batting: RHB Matsudaira Sugahara 0-0: Swinging Strike
0-1: Foul Ball, location: 2F
0-2: Fielders Choice at 2nd, 1-6 (Groundball, 13, EV 90.0 MPH)
Badry Maksimenov to third
Batting: LHB Shunso Kiyomizu 0-0: SINGLE (Line Drive, 89S, EV 98.8 MPH)
Badry Maksimenov scores
Matsudaira Sugahara to second
Runner from 2nd tries for 3rd, SAFE, throw by RF made to third
Batting: LHB Marcus Shill 0-0: Foul Ball, location: 2F
0-1: Ball
1-1: Swinging Strike
1-2: Strikes out swinging
Bottom of the 2nd over - 1 run, 2 hits, 0 errors, 2 left on base; Kingston Township 2 - Buckhead 4
TOP OF THE 3RD
Kingston Township Knights batting - Pitching for Buckhead Bowties : LHP Paul Haines
Batting: RHB Glenn Curtis 0-0: Called Strike
0-1: Called Strike
0-2: Foul Ball, location: 2F
0-2: Strikes out swinging, 2-3 out at first.
Batting: RHB Khal Drogo 0-0: Ball
1-0: Foul Ball, location: 2F
1-1: Foul Ball, location: 2F
1-2: Ball
2-2: Strikes out swinging
Batting: RHB Daniel Maldonado 0-0: Ball
1-0: Ball
2-0: Ball
3-0: Base on Balls
Batting: RHB Ron Bernard 0-0: Ball
1-0: Ball
2-0: Ground out U3 (Groundball, 3S, EV 67.5 MPH)
Top of the 3rd over - 0 runs, 0 hits, 0 errors, 1 left on base; Kingston Township 2 - Buckhead 4
BOTTOM OF THE 3RD
Buckhead Bowties batting - Pitching for Kingston Township Knights : LHP Chase Sims
Batting: RHB Emílio Agramónte 0-0: Swinging Strike
0-1: Ball
1-1: Swinging Strike
1-2: Foul Ball, location: 2F
1-2: Ball
2-2: Strikes out swinging
Batting: LHB Jesús Encarnación 0-0: Ball
1-0: Ground out 3-1 (Groundball, 34S, EV 92.5 MPH)
Batting: RHB César Guerra 0-0: Called Strike
0-1: Fly out, F6 (Line Drive, 6, EV 75.6 MPH)
Bottom of the 3rd over - 0 runs, 0 hits, 0 errors, 0 left on base; Kingston Township 2 - Buckhead 4
TOP OF THE 4TH
Kingston Township Knights batting - Pitching for Buckhead Bowties : LHP Paul Haines
Batting: RHB Holden Ford 0-0: Foul Ball, location: 2F
0-1: Called Strike
0-2: Ball
1-2: Ground out U3 (Groundball, 34S, EV 87.5 MPH)
Batting: LHB Ed Mellor 0-0: Ball
1-0: Foul Ball, location: 2F
1-1: Foul Ball, location: 2F
1-2: Strikes out swinging
Batting: RHB Takenao Wakabayashi 0-0: Ball
1-0: Ball
2-0: Foul Ball, location: 2F
2-1: Fly out, F9 (Flyball, 9, EV 80.6 MPH)
Top of the 4th over - 0 runs, 0 hits, 0 errors, 0 left on base; Kingston Township 2 - Buckhead 4
BOTTOM OF THE 4TH
Buckhead Bowties batting - Pitching for Kingston Township Knights : LHP Chase Sims
Batting: RHB Nick Bechtel 0-0: Foul Ball, location: 2F
0-1: Called Strike
0-2: Ball
1-2: SINGLE (Line Drive, 78S, EV 103.8 MPH)
Batting: LHB Badry Maksimenov 0-0: Fly out, F9 (Flyball, 89D, EV 89.4 MPH)
Batting: RHB Luigino Colombo 0-0: Foul Ball, location: 2F
0-1: Ball
1-1: Swinging Strike
1-2: Ball
2-2: SINGLE (Groundball, 4D, EV 98.1 MPH)
Nick Bechtel to second
Runner from 2nd tries for 3rd, SAFE, throw by CF made to third
Batting: RHB Matsudaira Sugahara 0-0: Fielders Choice at 2nd, 1-6 (Groundball, 13S, EV 75.0 MPH)
Batting: LHB Shunso Kiyomizu 0-0: Ball
1-0: Foul Ball, location: 2F
1-1: Called Strike
1-2: Fly out, F9 (Flyball, 89S, EV 92.5 MPH)
Bottom of the 4th over - 0 runs, 2 hits, 0 errors, 2 left on base; Kingston Township 2 - Buckhead 4
TOP OF THE 5TH
Kingston Township Knights batting - Pitching for Buckhead Bowties : LHP Paul Haines
Batting: RHB Alfredo Cardenas 0-0: Ball
1-0: Ground out 1-3 (Groundball, 15S, EV 70.6 MPH)
Batting: RHB Hou Kong 0-0: Foul Ball, location: 2F
0-1: Ball
1-1: Foul Ball, location: 2F
1-2: Ground out 2-3 (Groundball, 13S, EV 76.9 MPH)
Batting: RHB Glenn Curtis 0-0: Ball
1-0: Called Strike
1-1: Ball
2-1: Ball
3-1: SOLO HOME RUN (Flyball, 7D, EV 106.2 MPH), Distance : 396 ft
Batting: RHB Khal Drogo 0-0: Called Strike
0-1: Called Strike
0-2: Strikes out swinging
Top of the 5th over - 1 run, 1 hit, 0 errors, 0 left on base; Kingston Township 3 - Buckhead 4
BOTTOM OF THE 5TH
Buckhead Bowties batting - Pitching for Kingston Township Knights : LHP Chase Sims
Batting: LHB Marcus Shill 0-0: Ball
1-0: Called Strike
1-1: DOUBLE (Line Drive, 9LM, EV 90.0 MPH)
Batting: RHB Emílio Agramónte 0-0: SINGLE (Line Drive, 78M, EV 104.4 MPH)
Marcus Shill to third
Batting: LHB Jesús Encarnación 0-0: Fly out, F7 (Flyball, 78D, EV 85.6 MPH)
Runner from 3rd tags up, SCORES, throw by LF
Batting: RHB César Guerra 0-0: Ball
Passed Ball!
Emílio Agramónte to second
1-0: Ball
2-0: Ball
3-0: Called Strike
3-1: Fly out, F4 (Line Drive, 4, EV 68.1 MPH)
Batting: RHB Nick Bechtel 0-0: Called Strike
0-1: Foul Ball, location: 2F
0-2: Foul Ball, location: 2F
0-2: Strikes out swinging
Bottom of the 5th over - 1 run, 2 hits, 0 errors, 1 left on base; Kingston Township 3 - Buckhead 5
TOP OF THE 6TH
Kingston Township Knights batting - Pitching for Buckhead Bowties : LHP Paul Haines
Batting: RHB Daniel Maldonado 0-0: Called Strike
0-1: Fly out, F8 (Flyball, 8RD, EV 96.2 MPH)
Batting: RHB Ron Bernard 0-0: Ball
1-0: Called Strike
1-1: Foul Ball, location: 2F
1-2: Foul Ball, location: 2F
1-2: SINGLE (Line Drive, 6D, EV 104.4 MPH)
Batting: RHB Holden Ford 0-0: Ball
1-0: Ball
2-0: 2-RUN HOME RUN (Flyball, 7D, EV 111.2 MPH), Distance : 395 ft
Pitching: RHP Roderick Miller
Batting: LHB Ed Mellor 0-0: Ball
1-0: SINGLE (Line Drive, 4MD, EV 97.5 MPH)
Batting: RHB Takenao Wakabayashi 0-0: Ball
1-0: Ball
2-0: Swinging Strike
2-1: Ball
3-1: Base on Balls
Ed Mellor to second
Batting: RHB Alfredo Cardenas 0-0: Ball
1-0: Ball
2-0: Called Strike
2-1: Ball
3-1: Base on Balls
Ed Mellor to third
Takenao Wakabayashi to second
Pitching: RHP Scott Colorado
Batting: RHB Hou Kong 0-0: Called Strike
0-1: Fly out, F7 (Flyball, 7S, EV 73.1 MPH)
Batting: RHB Glenn Curtis 0-0: Ground out 4-3 (Groundball, 4, EV 79.4 MPH)
Top of the 6th over - 2 runs, 3 hits, 0 errors, 3 left on base; Kingston Township 5 - Buckhead 5
BOTTOM OF THE 6TH
Buckhead Bowties batting - Pitching for Kingston Township Knights : LHP Chase Sims
Batting: LHB Badry Maksimenov 0-0: Called Strike
0-1: Ball
1-1: Fly out, F9 (Line Drive, 9D, EV 107.5 MPH)
Batting: RHB Luigino Colombo 0-0: Ground out 6-3 (Groundball, 6, EV 89.4 MPH)
Batting: RHB Matsudaira Sugahara 0-0: Ball
1-0: Called Strike
1-1: Ball
2-1: Ball
3-1: SINGLE (Flyball, 78S, EV 89.4 MPH)
Batting: LHB Shunso Kiyomizu 0-0: Ball
1-0: Ball
2-0: Ball
3-0: Base on Balls
Matsudaira Sugahara to second
Batting: LHB Marcus Shill 0-0: Ball
1-0: Ball
Passed Ball!
Matsudaira Sugahara to third
Shunso Kiyomizu to second
2-0: Called Strike
2-1: Ground out 3-1 (Groundball, 34, EV 93.1 MPH)
Bottom of the 6th over - 0 runs, 1 hit, 0 errors, 2 left on base; Kingston Township 5 - Buckhead 5
TOP OF THE 7TH
Kingston Township Knights batting - Pitching for Buckhead Bowties : RHP Scott Colorado
Batting: RHB Khal Drogo 0-0: Ball
1-0: Called Strike
1-1: Ball
2-1: Foul Ball, location: 2F
2-2: Ball
3-2: Ground out 4-3 (Groundball, 4, EV 90.6 MPH)
Batting: RHB Daniel Maldonado 0-0: Called Strike
0-1: Ball
1-1: Foul Ball, location: 2F
1-2: Ball
2-2: Ground out 6-3 (Groundball, 6S, EV 75.6 MPH)
Batting: RHB Ron Bernard 0-0: Ball
1-0: Ball
2-0: Foul Ball, location: 2F
2-1: Swinging Strike
2-2: Ball
3-2: Foul Ball, location: 2F
3-2: Ground out 4-3 (Groundball, 4, EV 101.2 MPH)
Top of the 7th over - 0 runs, 0 hits, 0 errors, 0 left on base; Kingston Township 5 - Buckhead 5
BOTTOM OF THE 7TH
Buckhead Bowties batting - Pitching for Kingston Township Knights : LHP Chase Sims
Batting: RHB Emílio Agramónte 0-0: Swinging Strike
0-1: Ball
1-1: Called Strike
1-2: Ground out 4-3 (Groundball, 4S, EV 73.8 MPH)
Batting: LHB Jesús Encarnación 0-0: Swinging Strike
0-1: Foul Ball, location: 2F
0-2: Ball
1-2: Ball
2-2: Fly out, F8 (Line Drive, 8LM, EV 88.1 MPH)
Batting: RHB César Guerra 0-0: Swinging Strike
0-1: Ball
1-1: Ball
2-1: Fly out, F9 (Flyball, 89M, EV 96.2 MPH)
Bottom of the 7th over - 0 runs, 0 hits, 0 errors, 0 left on base; Kingston Township 5 - Buckhead 5
TOP OF THE 8TH
Kingston Township Knights batting - Pitching for Buckhead Bowties : RHP Scott Colorado
Batting: RHB Holden Ford 0-0: Ball
1-0: Ball
2-0: Called Strike
2-1: Ball
3-1: Base on Balls
Pitching: RHP Matt Martin
Batting: LHB Ed Mellor 0-0: Ball
1-0: Ground out U3 (Groundball, 34S, EV 66.2 MPH)
Holden Ford to second
Batting: RHB Takenao Wakabayashi 0-0: Fly out, F7 (Line Drive, 7, EV 91.2 MPH)
Batting: RHB Alfredo Cardenas 0-0: Foul Ball, location: 2F
0-1: Ball
1-1: Ball
2-1: Ball
3-1: Swinging Strike
3-2: Ground out 5-3 (Groundball, 5, EV 111.2 MPH)
Top of the 8th over - 0 runs, 0 hits, 0 errors, 1 left on base; Kingston Township 5 - Buckhead 5
BOTTOM OF THE 8TH
Buckhead Bowties batting - Pitching for Kingston Township Knights : LHP Chase Sims
Batting: RHB Nick Bechtel 0-0: Swinging Strike
0-1: Foul Ball, location: 2F
0-2: Ball
1-2: Ball
2-2: Foul Ball, location: 2F
2-2: Ground out 5-3 (Groundball, 5, EV 83.1 MPH)
Batting: LHB Badry Maksimenov 0-0: Called Strike
0-1: Ball
1-1: Called Strike
1-2: Fly out, F7 (Flyball, 7LM, EV 100.0 MPH)
Batting: RHB Luigino Colombo 0-0: Ground out 4-3 (Groundball, 4, EV 89.4 MPH)
Bottom of the 8th over - 0 runs, 0 hits, 0 errors, 0 left on base; Kingston Township 5 - Buckhead 5
TOP OF THE 9TH
Kingston Township Knights batting - Pitching for Buckhead Bowties : RHP Matt Martin
Pitching: LHP Yajirobei Otomo
Batting: RHB Hou Kong 0-0: SINGLE (Flyball, 9LS, EV 98.8 MPH)
Batting: RHB Glenn Curtis 0-0: Sac Bunt to 15S - play at first, batter OUT! 1-4
Hou Kong to second
Batting: RHB Khal Drogo 0-0: Foul Ball, location: 2F
0-1: Foul Ball, location: 2F
0-2: Ground out 6-3 (Groundball, 6S, EV 78.8 MPH)
Batting: RHB Daniel Maldonado 0-0: Ball
1-0: Foul Ball, location: 2F
1-1: Swinging Strike
1-2: Ground out 6-3 (Groundball, 6D, EV 102.5 MPH)
Top of the 9th over - 0 runs, 1 hit, 0 errors, 1 left on base; Kingston Township 5 - Buckhead 5
BOTTOM OF THE 9TH
Buckhead Bowties batting - Pitching for Kingston Township Knights : LHP Chase Sims
Pitching: RHP Jack Salt
Batting: RHB Matsudaira Sugahara 0-0: Foul Ball, location: 2F
0-1: Ball
1-1: Called Strike
1-2: SINGLE (Groundball, 4D, EV 106.9 MPH)
Batting: LHB Shunso Kiyomizu 0-0: Bunted foul
0-1: Reached on error, E2 (Groundball, 2L, EV 43.8 MPH)
Matsudaira Sugahara to third
Batting: LHB Marcus Shill 0-0: Intentional Walk
Batting: RHB Emílio Agramónte 0-0: Foul Ball, location: 2F
0-1: GRAND SLAM HOME RUN (Flyball, 7D, EV 94.4 MPH), Distance : 395 ft
Friday, April 17th, 2020 - OOTP Baseball 20.8 Build 74